 Adventure DCSS version bcrawl-1.21.3 (webtiles) character file.

Game seed: 15508076939454262850

37574 funkygono the Eclecticist (level 13, -4/76 HPs)
             Began as a Fairy Conjurer on Apr 7, 2020.
             Was a High Priest of Vehumet.
             Slain by a +1 halberd of chopping (27 damage)
             ... on level 1 of the Elven Halls.
             The game lasted 00:58:07 (18531 turns).

funkygono the Eclecticist (Fairy Conjurer)         Turns: 18531, Time: 00:58:07

Health: -4/76      AC: 15    Str:  6    XL:     13   Next: 97%
Magic:  11/36      EV: 24    Int: 27    God:    Vehumet [*****.]
Gold:   941        SH: 16    Dex: 17    Spells: 11/47 levels left
                                        Lives:  0   Deaths: 2

rFire    . . .     SeeInvis .   v - +4 dagger (drain)
rCold    . . .     Gourm    +   I - +2 buckler
rNeg     . . .     Faith    .   (armour unavailable)
rPois    +         Spirit   .   N - +2 helmet of the Louse {Dex+4 Stlth+}
rElec    .         Reflect  .   (no cloak)
rCorr    .         Harm     .   t - +1 pair of gloves
MR       +....                  a - +2 pair of boots
Stlth    +++.......             F - amulet of the gourmand
HPRegen  0.22/turn              r - +3 ring of intelligence
MPRegen  0.25/turn              B - ring of poison resistance

@: flying evasively
A: small, magic attunement, unstealthy, unfitting armour, able to fly, AC/SH +7
a: Stop Flying, Renounce Religion


You were on level 1 of the Elven Halls.
You worshipped Vehumet.
Vehumet was extremely pleased with you.
You were completely stuffed.

You visited 5 branches of the dungeon, and saw 17 of its levels.

You collected 1813 gold pieces.
You spent 872 gold pieces at shops.

Inventory:

Hand Weapons
 v - a +4 dagger of draining (weapon)
Missiles
 d - 2858 stones (quivered)
Armour
 a - a +2 pair of boots (worn)
 l - a +2 helmet
 t - a +1 pair of gloves (worn)
 G - a +1 pair of boots
 I - a +2 buckler (worn)
 N - the +2 helmet of the Louse (worn) {Dex+4 Stlth+}
   (You bought it in a shop in the Orcish Mines)

   It affects your dexterity (+4).
   It makes you more stealthy.
Magical Staves
 R - an uncursed staff of power {unknown}
Jewellery
 f - an uncursed ring of stealth
 h - an uncursed ring of see invisible
 r - a +3 ring of intelligence (left hand)
 u - an uncursed ring of resist corrosion
 B - a ring of poison resistance (right hand)
 D - an uncursed amulet of rage
 F - an amulet of the gourmand (around neck)
Wands
 x - a wand of digging (7)
 A - a wand of flame (13)
 H - a wand of polymorph (18)
 J - a wand of enslavement (7)
 K - a wand of acid (8)
 L - a wand of paralysis (10)
Scrolls
 i - 4 scrolls of remove curse
 k - 2 scrolls of immolation
 o - 3 scrolls of magic mapping
 y - 4 scrolls of amnesia
 E - 4 scrolls of fear
 O - 2 scrolls of identify
 P - a scroll of enchant armour
 S - a scroll of blinking {unknown}
Potions
 b - 3 potions of magic
 c - 4 potions of heal wounds
 g - 5 potions of curing
 j - 4 potions of brilliance
 m - a potion of flight
 n - 2 potions of invisibility {unknown}
 p - a potion of haste {unknown}
 q - a potion of might {unknown}
 s - 3 potions of resistance
 w - 2 potions of ambrosia
 z - 2 potions of lignification {unknown}
 C - a potion of mutation {unknown}
 M - a potion of degeneration {unknown}
Comestibles
 e - 28 rations {!d}
 Q - 10 chunks of flesh


   Skills:
 + Level 2.7 Fighting
 + Level 9.8 Dodging
 + Level 3.3 Stealth
 + Level 5.1 Shields
 + Level 17.9 Spellcasting
 + Level 16.3 Conjurations
 + Level 5.9 Fire Magic
 + Level 7.1 Ice Magic
 + Level 8.0 Air Magic
 + Level 2.6 Poison Magic


You had 11 spell levels left.
You knew the following spells:

 Your Spells              Type           Power        Failure   Level  Hunger
a - Magic Dart            Conj           ####         0%          1    None
b - Searing Ray           Conj           #######.     0%          2    None
c - Iskenderun's Mystic   Conj           #######.     0%          3    None
d - Freeze                Ice            ######       1%          1    None
e - Shock                 Conj/Air       #####        0%          1    None
f - Conjure Flame         Conj/Fire      ######..     1%          3    None
g - Throw Icicle          Conj/Ice       ######..     1%          4    None
h - Sticky Flame          Conj/Fire      ######..     1%          4    None
i - Lee's Rapid Deconstr  Erth           ###.......   16%         5    None
j - Bolt of Cold          Conj/Ice       ######....   1%          6    None
k - Poison Arrow          Conj/Pois      ######....   1%          6    None

Your spell library contained the following spells:

 Spells                   Type           Power        Failure   Level  Hunger
 Beastly Appendage        Tmut           ###...       1%          1    None
 Corona                   Hex            ###....      1%          1    None
 Ignite Poison            Fire/Tmut/Pois #####...     1%          3    None
 Inner Flame              Hex/Fire       N/A          1%          3    None
 Fulminant Prism          Conj/Hex       ######....   1%          4    None
 Irradiate                Conj/Tmut      ######....   1%          5    None
 Iskenderun's Battlesphe  Conj/Chrm      ######..     1%          5    None
 Orb of Destruction       Conj           #######...   1%          7    None
 Shackle                  Hex            ###.....     3%          2    None
 Sticks to Snakes         Tmut           ###.....     3%          2    None
 Sublimation of Blood     Necr           ###.......   3%          2    None
 Spider Form              Tmut/Pois      ###          3%          3    None
 Iron Shot                Conj/Erth      ######....   3%          6    None
 Ice Form                 Ice/Tmut       #####...     4%          4    None
 Ozocubu's Refrigeration  Ice            ######....   4%          6    None
 Yara's Violent Unravell  Hex/Tmut       ###.......   5%          4    None
 False Image              Hex/Summ       ###.....     6%          3    None
 Spellforged Servitor     Conj/Summ      ######....   16%         7    None
 Cause Fear               Hex            ###.......   21%         4    None
 Petrify                  Tmut/Erth      ###.....     21%         4    None
 Blade Hands              Tmut           ###.......   50%         5    None


Dungeon Overview and Level Annotations

Branches:
Dungeon (9/12)             Temple (1/1) D:6            Lair (5/6) D:8
 Shoals (0/3) Lair:4       Spider (0/3) Lair:3        Slime (0/5) Lair:5
    Orc (1/1) D:8             Elf (1/3) Orc

Altars:
Ashenzari
Cheibriados
Dithmenos
Elyvilon
Fedhas
Gozag
Hepliaklqana
Kikubaaqudgha
Lugonu
Makhleb
Nemelex Xobeh
Okawaru
Qazlal
Ru
Sif Muna
Trog
Uskayaw
Vehumet
Wu Jian
Xom
Yredelemnul
Zin
The Shining One
Beogh
Jiyva

Shops:
Orc (*:[[

Annotations:
D:5 3 runed translucent doors, dscm's ghost, novice OpAc; janekpiasek's ghost, novice OpTm


Innate Abilities, Weirdness & Mutations

Your spells do not cause hunger and MP costs are reduced by 1.
Your bright wings attract enemies. (Stealth-)
You cannot fit into any form of body armour.
Your shimmering scales are hard and can block incoming attacks. (AC +7, SH +7)
You are small and have problems with some larger weapons.
You can fly continuously.


Message History

Confirm with . or Enter, or press ? or * to list all spells.
Aiming: Searing Ray (safe; 0% risk of failure)
Press: ? - help, Shift-Dir - straight line, f/p - +1 halberd of chopping
Aim: a +1 halberd of chopping (moderately damaged)
The searing ray misses the +1 halberd of chopping. (Press . to maintain the ray.)
You block the +1 halberd of chopping's attack.
The searing ray hits the +1 halberd of chopping.
The +1 halberd of chopping is moderately damaged.
The +1 halberd of chopping hits you but does no damage.
The searing ray misses the +1 halberd of chopping.
You block the +1 halberd of chopping's attack.
The searing ray hits the +1 halberd of chopping.
The +1 halberd of chopping is heavily damaged.
The +1 halberd of chopping hits you from afar!
The searing ray hits the +1 halberd of chopping.
The +1 halberd of chopping is heavily damaged.
The +1 halberd of chopping completely misses you.
The +1 halberd of chopping hits you from afar!!
You die...

### ##.## ##...##
#.....# # ##...'## ≈#
##)#.##@#
≈≈########.######)...^.#
#≈≈#...##.## (......
#≈≈....'## .......
#≈......## >...$..
+........+ .......
#≈.......# .......
##≈≈......# #.....#
#≈≈......###


You could see a +1 halberd of chopping.

Vanquished Creatures
  Gastronok (Lair:2)
  An orc warlord (Orc)
  An ettin (Orc)
  Harold (D:9)
  A hydra (Lair:1)
  A catoblepas (Lair:3)
  2 two-headed ogres (D:9)
  2 death yaks (Lair:5)
  3 dancing weapons (Elf:1)
  2 tengu warriors (D:9)
  An orc high priest (Orc)
  Nergalle (Orc)
  3 orc knights (Orc)
  A wolf spider zombie (D:7)
  2 orc sorcerers (Orc)
  26 deep elf magi
  An ugly thing (D:6)
  3 black mambas
  6 elephants
  A torpor snail (Lair:5)
  5 cane toads
  A redback zombie (D:9)
  A rime drake (Lair:3)
  8 komodo dragons
  3 polar bears
  2 trolls
  A hornet (Lair:4)
  3 hippogriffs
  3 blink frogs (Lair:2)
  A vampire (D:8)
  31 yaks
  A spriggan (Lair:2)
  2 wyverns
  3 basilisks
  A hungry ghost (D:8)
  Eustachio (D:4)
  3 wargs (Orc)
  Edmund (D:6)
  6 crocodiles
  7 water moccasins
  Duvessa (D:6)
  8 porcupines
  4 ice beasts
  2 sky beasts
  A hornet zombie (D:7)
  20 orc warriors
  A black bear (Lair:2)
  3 phantoms
  5 necrophages
  12 wolves (Lair:2)
  6 ogres
  7 centaurs
  The ghost of PeterMcNeter the Shield-Bearer, an amateur OpFi (D:3)
  11 bullfrogs
  3 big kobolds (D:9)
  A gnoll sergeant (D:7)
  Dowan (D:6)
  A wyvern skeleton (D:9)
  2 scorpions (D:7)
  3 wights (D:6)
  A howler monkey (D:4)
  3 crimson imps
  2 bullfrog zombies
  A quasit (D:8)
  14 orc wizards
  4 hounds
  15 orc priests
  4 jellies
  A bullfrog skeleton (D:5)
  2 iguanas (D:5)
  4 centaur skeletons
  9 worker ants
  3 hell rats (Lair:3)
  A hound zombie (D:6)
  4 hound skeletons
  A worker ant zombie (D:5)
  6 gnolls
  17 adders
  4 river rats (Lair:3)
  2 adder zombies
  6 worms
  7 leopard geckos
  44 orcs
  5 bats
  3 giant cockroaches
  3 goblins
  10 hobgoblins
  7 jackals
  19 kobolds
  6 quokkas
  3 frilled lizards
  A jackal skeleton (D:6)
  A jackal zombie (D:6)
  A leopard gecko skeleton (D:3)
  A leopard gecko zombie (D:6)
  2 quokka skeletons
  10 rats
464 creatures vanquished.

Vanquished Creatures (others)
  A human (D:3)
  5 plants
  2 withered plants (D:5)
8 creatures vanquished.

Grand Total: 472 creatures vanquished

Notes
Turn   | Place    | Note
-------+----------+-------------------------------------------
     0 | D:1      | funkygono the Fairy Conjurer began the quest for the Orb.
     0 | D:1      | Reached XP level 1. HP: 11/11 MP: 6/6
     8 | D:1      | Reached skill level 5 in Conjurations
    99 | D:1      | Reached XP level 2. HP: 17/17 MP: 7/7
   103 | D:1      | Learned a level 2 spell: Searing Ray
   415 | D:1      | Reached skill level 3 in Spellcasting
   792 | D:2      | Reached XP level 3. HP: 21/21 MP: 6/9
   797 | D:2      | Learned a level 3 spell: Iskenderun's Mystic Blast
  1037 | D:2      | Found a corrupted altar of Lugonu.
  1129 | D:2      | Reached XP level 4. HP: 27/27 MP: 7/11
  1308 | D:2      | Found a shadowy altar of Dithmenos.
  1619 | D:3      | Found an ancient bone altar of Kikubaaqudgha.
  1646 | D:3      | Found an opulent altar of Gozag.
  1674 | D:3      | Noticed a human
  1677 | D:3      | Killed a human
  1678 | D:3      | Found a transporter.
  1678 | D:3      | Noticed PeterMcNeter's ghost (amateur OpFi)
  1707 | D:3      | Found a bloodstained altar of Trog.
  1711 | D:3      | Noticed a phantom
  1717 | D:3      | Found an iron altar of Okawaru.
  1717 | D:3      | Found a sacrificial altar of Ru.
  1717 | D:3      | Found a snail-covered altar of Cheibriados.
  1718 | D:3      | Found an ancient bone altar of Kikubaaqudgha.
  1723 | D:3      | Reached XP level 5. HP: 31/31 MP: 12/12
  1732 | D:3      | Killed a phantom
  1732 | D:3      | Reached skill level 4 in Spellcasting
  1919 | D:3      | Reached XP level 6. HP: 36/36 MP: 12/14
  2050 | D:3      | Found a transporter.
  2101 | D:3      | Found a shimmering blue altar of Sif Muna.
  2250 | D:3      | Killed PeterMcNeter's ghost
  2253 | D:3      | Reached skill level 5 in Spellcasting
  2740 | D:4      | Noticed Eustachio
  2747 | D:4      | Killed Eustachio
  2747 | D:4      | Reached XP level 7. HP: 37/42 MP: 10/17
  2859 | D:4      | Found a shimmering altar of Xom.
  2860 | D:4      | Found a shimmering altar of Xom.
  2861 | D:4      | Found a shimmering altar of Xom.
  2861 | D:4      | Found a shimmering altar of Xom.
  2861 | D:4      | Found a shimmering altar of Xom.
  2862 | D:4      | Found a shimmering altar of Xom.
  2862 | D:4      | Found a shimmering altar of Xom.
  2863 | D:4      | Found a shimmering altar of Xom.
  2898 | D:4      | Found a shimmering altar of Xom.
  2899 | D:4      | Found a shimmering altar of Xom.
  2900 | D:4      | Found a shimmering altar of Xom.
  3381 | D:5      | Entered Level 5 of the Dungeon
  3411 | D:5      | Reached skill level 6 in Spellcasting
  3853 | D:5      | Found a runed translucent gate.
  3854 | D:5      | Found a runed translucent gate.
  3854 | D:5      | Found a runed translucent gate.
  3856 | D:5      | Noticed janekpiasek's ghost (novice OpTm)
  3856 | D:5      | Noticed dscm's ghost (novice OpAc)
  4002 | D:5      | Reached XP level 8. HP: 47/47 MP: 16/20
  4239 | D:5      | Reached skill level 7 in Spellcasting
  4515 | D:6      | Noticed a purple ugly thing
  4524 | D:6      | Killed a purple ugly thing
  4524 | D:6      | Reached skill level 8 in Spellcasting
  4524 | D:6      | Reached skill level 10 in Conjurations
  4611 | D:6      | Noticed Edmund
  4618 | D:6      | Killed Edmund
  4670 | D:6      | Found a staircase to the Ecumenical Temple.
  4691 | Temple   | Entered the Ecumenical Temple
  4808 | Temple   | Became a worshipper of Vehumet
  4855 | D:6      | Found a blossoming altar of Fedhas.
  5061 | D:6      | Reached XP level 9. HP: 41/52 MP: 19/23
  5095 | D:6      | Reached skill level 9 in Spellcasting
  5368 | D:6      | Found a glowing golden altar of the Shining One.
  5380 | D:6      | Reached * piety under Vehumet
  5380 | D:6      | Offered knowledge of Freeze by Vehumet.
  5381 | D:6      | Noticed Duvessa
  5383 | D:6      | Learned a level 1 spell: Freeze
  5385 | D:6      | Killed Duvessa
  5387 | D:6      | Noticed Dowan
  5389 | D:6      | Killed Dowan
  5647 | D:6      | Reached skill level 10 in Spellcasting
  6124 | D:7      | Reached skill level 11 in Spellcasting
  6185 | D:7      | Noticed a troll
  6193 | D:7      | Killed a troll
  6193 | D:7      | Reached skill level 1 in Fighting
  6256 | D:7      | Reached XP level 10. HP: 55/58 MP: 27/27
  6457 | D:7      | Reached skill level 1 in Ice Magic
  6564 | D:7      | Offered knowledge of Shock by Vehumet.
  6592 | D:7      | Learned a level 1 spell: Shock
  6670 | D:7      | Reached ** piety under Vehumet
  6670 | D:7      | Reached skill level 12 in Spellcasting
  6958 | D:8      | Reached skill level 5 in Dodging
  6958 | D:8      | Reached skill level 1 in Air Magic
  6965 | D:8      | Found a staircase to the Orcish Mines.
  7119 | D:8      | Noticed an elephant
  7131 | D:8      | Killed an elephant
  7132 | D:8      | Found a staircase to the Lair.
  7849 | D:8      | Reached XP level 11. HP: 42/63 MP: 24/29
  8186 | Lair:1   | Entered Level 1 of the Lair of Beasts
  8242 | Lair:1   | Reached skill level 13 in Spellcasting
  8330 | Lair:1   | Reached skill level 5 in Air Magic
  8438 | Lair:1   | Offered knowledge of Conjure Flame by Vehumet.
  8443 | Lair:1   | Learned a level 3 spell: Conjure Flame
  8905 | Lair:1   | Noticed a five-headed hydra
  8915 | Lair:1   | Killed a five-headed hydra
  8915 | Lair:1   | Reached skill level 1 in Fire Magic
  9146 | Lair:2   | Reached *** piety under Vehumet
  9172 | Lair:2   | Reached skill level 14 in Spellcasting
  9176 | Lair:2   | Slain by a blink frog
  9177 | Lair:2   | Reached XP level 10. HP: -1/59 MP: 28/30
  9403 | Lair:2   | Noticed a cane toad
  9410 | Lair:2   | Killed a cane toad
  9410 | Lair:2   | Reached XP level 11. HP: 63/63 MP: 29/31
  9496 | Lair:2   | Noticed Gastronok
  9507 | Lair:2   | Killed Gastronok
  9592 | Lair:2   | Offered knowledge of Throw Icicle by Vehumet.
  9602 | Lair:2   | Learned a level 4 spell: Throw Icicle
 10071 | Lair:2   | Identified a scroll of acquirement
 10071 | Lair:2   | Identified the ring "Fimijec" {Ice +Inv Int+3 Dex-2} (You
                  | acquired it on level 2 of the Lair of Beasts)
 10078 | Lair:2   | Learned a level 4 spell: Sticky Flame
 10198 | Lair:3   | Reached skill level 1 in Shields
 10198 | Lair:3   | Reached skill level 15 in Spellcasting
 10198 | Lair:3   | Reached XP level 12. HP: 31/69 MP: 12/33
 10203 | Lair:3   | Reached skill level 5 in Fire Magic
 10431 | Lair:3   | Found a hole to the Spider Nest.
 10480 | Lair:3   | Reached **** piety under Vehumet
 10703 | Lair:3   | Offered knowledge of Lee's Rapid Deconstruction by Vehumet.
 10705 | Lair:3   | Reached skill level 5 in Ice Magic
 10713 | Lair:3   | Learned a level 5 spell: Lee's Rapid Deconstruction
 10817 | Lair:3   | Noticed a catoblepas
 10848 | Lair:3   | Killed a catoblepas
 11614 | Lair:4   | Found a staircase to the Shoals.
 12544 | Lair:5   | Found a viscous altar of Jiyva.
 12545 | Lair:5   | Found a staircase to the Slime Pits.
 12875 | Lair:5   | Noticed a death yak
 12875 | Lair:5   | Noticed a death yak
 12886 | Lair:5   | Killed a death yak
 12893 | Lair:5   | Killed a death yak
 13761 | Orc      | Entered the Orcish Mines
 13800 | Orc      | Reached XP level 13. HP: 75/75 MP: 20/34
 14113 | Orc      | Reached ***** piety under Vehumet
 14151 | Orc      | Found a gate leading to a gauntlet.
 14200 | Orc      | Found Kaetoepn's Armour Shoppe.
 14203 | Orc      | Noticed an ettin
 14213 | Orc      | Killed an ettin
 14213 | Orc      | Reached skill level 16 in Spellcasting
 14252 | Orc      | Found a staircase to the Elven Halls.
 14275 | Orc      | Noticed Nergalle
 14284 | Orc      | Killed Nergalle
 14284 | Orc      | Reached skill level 15 in Conjurations
 14289 | Orc      | Offered knowledge of Icicle Burst by Vehumet.
 14580 | Orc      | Noticed an orc warlord
 14604 | Orc      | Slain by an orc warlord
 14605 | Orc      | Reached XP level 12. HP: -4/70 MP: 22/34
 15105 | Orc      | Killed an orc warlord
 15472 | Orc      | Found a roughly hewn altar of Beogh.
 15487 | Orc      | Found Jenu's Antique Weapon Boutique.
 15508 | Orc      | Found Dafyellu's Book Boutique.
 15523 | Orc      | Bought a book of Power for 540 gold pieces
 15791 | Orc      | Found Lyumy's Antique Armour Boutique.
 15853 | Orc      | Found Foasha's General Store.
 15900 | Orc      | Bought a jewelled helmet for 332 gold pieces
 15910 | Orc      | Identified the +2 helmet of the Louse {Dex+4 Stlth+} (You
                  | bought it in a shop in the Orcish Mines)
 16050 | D:9      | Noticed a tengu warrior
 16050 | D:9      | Noticed a tengu warrior
 16054 | D:9      | Killed a tengu warrior
 16059 | D:9      | Killed a tengu warrior
 16352 | D:9      | Noticed Harold
 16369 | D:9      | Killed Harold
 16537 | D:9      | Reached XP level 13. HP: 70/76 MP: 26/35
 16537 | D:9      | Offered knowledge of Bolt of Cold by Vehumet.
 16547 | D:9      | Learned a level 6 spell: Bolt of Cold
 16553 | D:9      | Reached skill level 17 in Spellcasting
 16561 | D:9      | Learned a level 6 spell: Poison Arrow
 17365 | Elf:1    | Entered Level 1 of the Elven Halls
 17388 | Elf:1    | Reached skill level 1 in Poison Magic
 18203 | Elf:1    | Reached skill level 5 in Shields
 18531 | Elf:1    | Slain by a +1 halberd of chopping

Skill      XL: |  1  2  3  4  5  6  7  8  9 10 11 12 13 |
---------------+----------------------------------------+-----
Conjurations   | 5 6 7 8 9 10 11 12 13 14 16 | 16.3
Spellcasting   | 3 4 5 6 8 11 12 15 17 | 17.9
Dodging        | 3 4 5 7 9 |  9.8
Stealth        | 2 3 |  3.3
Fighting       | 1 2 |  2.7
Ice Magic      | 3 4 6 7 |  7.1
Air Magic      | 4 7 8 |  8.0
Fire Magic     | 3 4 5 |  5.9
Shields        | 1 4 5 |  5.1
Poison Magic   | 2 |  2.6

Action                   |  1- 3 |  4- 6 |  7- 9 | 10-12 | 13-15 || total
-------------------------+-------+-------+-------+-------+-------++-------
Melee: Dagger            |       |     1 |    36 |     1 |     4 ||    42
Throw: Stone             |       |       |       |     2 |       ||     2
 Cast: Magic Dart        |    44 |    76 |   169 |   151 |   147 ||   587
       Searing Ray       |     9 |    12 |    42 |    76 |    38 ||   177
       Iskenderun's Myst |       |    11 |     6 |    25 |    23 ||    65
       Freeze            |       |       |     3 |    27 |       ||    30
       Shock             |       |       |       |   225 |     7 ||   232
       Conjure Flame     |       |       |       |    25 |     9 ||    34
       Sticky Flame      |       |       |       |    10 |       ||    10
       Throw Icicle      |       |       |       |    78 |     8 ||    86
       Poison Arrow      |       |       |       |       |    46 ||    46
       Bolt of Cold      |       |       |       |       |     3 ||     3
  Use: Scroll            |     3 |     2 |     4 |    15 |       ||    24
       Potion            |       |       |       |       |     1 ||     1
  Eat: Chunk             |       |     5 |     6 |    21 |    15 ||    47
       Ration            |       |       |     2 |     3 |       ||     5
Armor: Skin              |     2 |    12 |    13 |    58 |    12 ||    97
Dodge: Dodged            |     7 |    20 |    49 |   208 |    69 ||   353
Block: Other             |       |     6 |    15 |    55 |       ||    76
       Buckler           |       |       |       |   103 |    88 ||   191
